 Dungeon Crawl Stone Soup version 0.29.0-4-gdea44cf6ec (webtiles) character file.

Game seed: 7012745741186092632

11 qw the Chopper (level 2, -2/17 HPs)
             Began as a Tengu Warper on Aug 28, 2022.
             Succumbed to their own poison gas
             ... on level 1 of the Dungeon.
             The game lasted 00:00:03 (959 turns).

qw the Chopper (Tengu Warper)                        Turns: 959, Time: 00:00:04

Health: -2/17      AC:  5    Str: 11    XL:     2   Next: 29%
Magic:  6/6        EV: 10    Int: 13    God:
Gold:   99         SH:  0    Dex: 13    Spells: 5/5 levels left

rFire   . . .      SeeInvis .   Y - +0 hand axe
rCold   . . .      Faith    .   (no shield)
rNeg    . . .      Spirit   .   g - +0 ring mail
rPois   .          Reflect  .   (helmet restricted)
rElec   .          Harm     .   (no cloak)
rCorr   .          Rampage  .   (no gloves)
Will    .....                   (boots unavailable)
Stlth   +.........              (no amulet)
HPRegen 0.05/turn               (no ring)
MPRegen 0.10/turn               (no ring)

@: lethally poisoned (-2 -> -15), very slow
A: beak, talons 3
a: no special abilities


You were on level 1 of the Dungeon.
You visited 1 branch of the dungeon, and saw 1 of its levels.

You collected 99 gold pieces.


Innate Abilities, Weirdness & Mutations

You have a beak for a mouth.
You have claws for feet.


   Skills:
 - Level 2.0 Fighting
 + Level 3.2 Axes
 - Level 1.0 Throwing
 - Level 1.1 Armour
 - Level 2.1 Dodging
 - Level 2.0 Spellcasting
 - Level 2.4 Translocations


You had 5 spell levels left.
You didn't know any spells.
Your spell library contained the following spells:

 Spells                   Type           Power      Damage    Failure   Level
 Blink                    Tloc           14%        N/A       34%         2
 Gell's Gravitas          Tloc           7%         N/A       56%         3
 Lesser Beckoning         Tloc           7%         N/A       56%         3
 Teleport Other           Tloc           7%         N/A       56%         3
 Manifold Assault         Tloc           7%         N/A       99%         5

Inventory:

Hand Weapons
 h - a +0 whip
 Y - a +0 hand axe (weapon)
Missiles
 b - 6 javelins
 d - 7 boomerangs of dispersal
 f - 4 silver javelins (quivered)
Armour
 g - a +0 ring mail (worn)
Potions
 e - a potion of ambrosia {unknown}

Dungeon Overview and Level Annotations

Branches:
Dungeon (1/15)

Altars:


Message History

You enter the shallow water.
Moving in this stuff is going to be slow.
You enter the shallow water.
Moving in this stuff is going to be slow.
You see here 4 poisoned darts.
You see here 7 stones.
You see here a +0 whip.
There is an open door here.
You enter the shallow water.
Moving in this stuff is going to be slow.
You enter the shallow water.
Moving in this stuff is going to be slow.
Done exploring.
Done exploring.
951 ||| READING scroll labelled XIEDGH YSIG.
As you read the scroll labelled XIEDGH YSIG, it crumbles to dust.
You feel strangely unstable.
It was a scroll of teleportation.
You start waiting.
Your surroundings seem slightly different.
Splash!
Done exploring.
956 ||| READING scroll labelled DOYLIF UDDY.
The air fills with toxic fumes!
As you read the scroll labelled DOYLIF UDDY, it crumbles to dust.
It was a scroll of poison.
Done exploring.
957 ||| DROPPING scroll of blinking.
You drop a scroll of blinking.
You hear a splash.
Done exploring.
(D) Dungeon
Where to? (* - list waypoints, ? - help)
What level of the Dungeon? (default 1, ? - help) Sorry, I don't know how to get there.
Done exploring.
958 ||| Stepping randomly (stuck).
Really walk into that cloud of poison gas?
You are engulfed in poison gas.
You are lethally poisoned!
You feel extremely sick.
959 ||| Stepping ~*~*~tactically~*~*~ (cloud).
You die...

#######........# #
#........# #.########
######'########
#.......¤¤¤¤¤¤#
#.......¤¤¤¤¤¤######77777
#.......¤¤¤¤¤¤¤¤¤¤¤¤¤¤¤~77
#.......¤¤¤¤¤¤¤¤P¤¤¤~¤¤~~7
#.......¤¤¤¤¤¤¤@P¤¤¤¤¤¤~~77
#.......¤¤¤¤¤¤¤¤¤¤PP¤¤¤~~~77
#.......¤¤¤¤¤¤¤P¤¤¤¤¤¤¤~~~~7
#####..#####¤¤¤¤¤P¤¤¤¤¤~~~P7
#..# #¤¤¤P¤¤¤¤¤¤¤~~~P7 #
#..# #¤¤¤¤¤¤¤¤¤¤¤~~~~7 ##
#..#####¤¤PP¤P¤P¤¤¤~P~77
.#####.........P~~~~~~~~~777
.........###...P~~~~P~~777


There were no monsters in sight!

Vanquished Creatures
  An endoplasm (D:1)
  A goblin (D:1)
  3 kobolds (D:1)
  3 bats (D:1)
  A frilled lizard (D:1)
  A rat (D:1)
10 creatures vanquished.

Notes
Turn   | Place    | Note
-------+----------+-------------------------------------------
     0 | D:1      | qw the Tengu Warper began the quest for the Orb.
     0 | D:1      | Reached XP level 1. HP: 12/12 MP: 4/4
     0 | D:1      | 0 ||| qw: Version: 0.1-a-89-g26bdef1
     0 | D:1      | 0 ||| qw: Game counter: 2157
     0 | D:1      | 0 ||| qw: Always use a shield: true
     0 | D:1      | 0 ||| qw: God list: Okawaru
     0 | D:1      | 0 ||| qw: Allow faded altars: false
     0 | D:1      | 0 ||| qw: Do Orc after D:15 true
     0 | D:1      | 0 ||| qw: Do second Lair branch before Depths: true
     0 | D:1      | 0 ||| qw: Lair rune preference: random
     0 | D:1      | 0 ||| qw: Plans: Normal
     0 | D:1      | 0 ||| PLANNING D:1-11
    63 | D:1      | 63 ||| UPGRADING to +0 ring mail.
   100 | D:1      | 100 ||| UPGRADING to +0 ring mail.
   110 | D:1      | 110 ||| DROPPING +0 leather armour.
   644 | D:1      | Reached skill level 3 in Axes
   644 | D:1      | Reached XP level 2. HP: 17/17 MP: 6/6
   951 | D:1      | 951 ||| READING scroll labelled XIEDGH YSIG.
   956 | D:1      | 956 ||| READING scroll labelled DOYLIF UDDY.
   957 | D:1      | 957 ||| DROPPING scroll of blinking.
   958 | D:1      | 958 ||| Stepping randomly (stuck).
   958 | D:1      | HP: 2/17 [poisoned by you (poison gas)]
   959 | D:1      | 959 ||| Stepping ~*~*~tactically~*~*~ (cloud).
   959 | D:1      | Succumbed to their own poison gas

Levels and vault maps discovered:
D:1:      zelgadis_glass_arrival_large, layout_basic, serial_bayou,
          serial_bayou_shore_a, serial_bayou_shore_b, serial_bayou_lake_a,
          serial_bayou_pond_e, minmay_misc_feat_diagonals

Skill      XL: |  1 |
---------------+----+-----
Axes           | 3 |  3.2
Fighting       | |  2.0
Throwing       | |  1.0
Armour         | |  1.1
Dodging        | |  2.1
Spellcasting   | |  2.0
Translocations | |  2.4

Action                   || total
-------------------------++-------
Melee: Hand axe          ||    12
       Kick              ||     2
Throw: Javelin           ||    12
  Use: Scroll            ||     2
Armor: Ring mail         ||     3
       Leather armour    ||     1
Dodge: Dodged            ||     6

Table legend:
 A = Non-vault XP
 B = Vault XP
 C = Vault XP percentage of total XP
 D = Non-vault monster count
 E = Vault monster count
 F = Vault count percentage of total count
                 A         B        C        D         E       F
            +---------+---------+-------+---------+---------+-------
      Total |      17 |       0 |   0.0 |      10 |       0 |   0.0
            +---------+---------+-------+---------+---------+-------
        D:1 |      17 |       0 |   0.0 |      10 |       0 |   0.0
            +---------+---------+-------+---------+---------+-------
